 Dungeon Crawl Stone Soup version 0.23-a0-137-gef0ad6d (webtiles) character file.

602 Arum the Skirmisher (level 7, 0/61 HPs)
             Began as a Black Draconian Fighter on Aug 29, 2018.
             Slain by a gnoll sergeant
             ... wielding a +0 spear
              (9 damage)
             ... on level 4 of the Dungeon.
             The game lasted 00:09:09 (5436 turns).

Arum the Skirmisher (Black Draconian Fighter)       Turns: 5436, Time: 00:09:11

Health: 0/61       AC:  7    Str: 20    XL:     7   Next: 18%
Magic:  7/7        EV: 11    Int:  9    God:
Gold:   236        SH:  9    Dex: 10    Spells: 6/6 levels left

rFire    . . .     SeeInvis +   a - +0 long sword
rCold    . . .     Gourm    .   b - +0 shield
rNeg     . . .     Faith    .   (armour unavailable)
rPois    .         Spirit   .   (helmet restricted)
rElec    +         Reflect  .   (no cloak)
rCorr    .         Harm     .   (no gloves)
MR       .....                  q - +0 pair of boots
Stlth    +.........             (no amulet)
HPRegen  0.20/turn              j - ring of see invisible
MPRegen  0.10/turn              (no ring)

@: no status effects
A: breathe lightning, unfitting armour, electricity resistance, cold-blooded, AC
+6
a: Breathe Lightning


You were on level 4 of the Dungeon.
You were very hungry.

You visited 1 branch of the dungeon, and saw 5 of its levels.

You collected 236 gold pieces.

Inventory:

Hand Weapons
 a - a +0 long sword (weapon)
Missiles
 u - a poisoned tomahawk (quivered)
 x - 2 tomahawks
Armour
 b - a +0 shield (worn)
 q - a +0 pair of boots (worn)
Jewellery
 j - a ring of see invisible (left hand)
Scrolls
 e - a scroll of fear {unknown}
 f - 6 scrolls of remove curse {unknown}
 g - 4 scrolls of identify {unknown}
 h - 2 scrolls of teleportation {unknown}
 m - 2 scrolls of amnesia {unknown}
 o - 2 scrolls of random uselessness {unknown}
 t - a scroll of magic mapping {unknown}
 v - a scroll of enchant weapon {unknown}
Potions
 c - a potion of might
 i - 2 potions of invisibility {unknown}
 k - a potion of agility {unknown}
 l - a potion of degeneration {unknown}
 p - a potion of berserk rage {unknown}
 r - 2 potions of haste {unknown}
 s - a potion of curing {unknown}
Comestibles
 d - 10 rations


   Skills:
 + Level 5.3 Fighting
 + Level 4.2 Long Blades
 + Level 4.5 Dodging
 + Level 4.8 Shields


You had 6 spell levels left.
You didn't know any spells.
Your spell library was empty.

Dungeon Overview and Level Annotations

Branches:
Dungeon (5/15)
 Temple: D:4-7

Altars:
Xom

Annotations:
D:3 3 runed doors, Barriton's ghost, amateur DrIE


Innate Abilities, Weirdness & Mutations

You can breathe wild blasts of lightning.
Your glossy black scales are hard. (AC +6)
You cannot fit into any form of body armour.
You are resistant to electric shocks. (rElec)
You are cold-blooded and may be slowed by cold attacks.


Message History

The gnoll sergeant is moderately wounded.
The gnoll sergeant hits you with a spear!
You block the gnoll's attack.
You closely miss the gnoll sergeant.
The gnoll sergeant is moderately wounded.
The gnoll sergeant hits you with a spear.
The gnoll barely misses you.
The gnoll sergeant hits you with a spear!
You slash the gnoll sergeant!
The gnoll sergeant is severely wounded.
The gnoll hits you with a flail.
* * * LOW HITPOINT WARNING * * *
You block the gnoll sergeant's attack.
You hit the gnoll sergeant.
Your tail-slap misses the gnoll sergeant.
The gnoll sergeant is severely wounded.
The gnoll hits you with a flail.
* * * LOW HITPOINT WARNING * * *
The gnoll sergeant hits you with a spear!
You die...

#.# ####...............#
#.# #.########..#####
##.# #.# #..# #.<# #.#
#..# ######.##
#.########..# .....#.##
#.##........# ........#
#.##.#####.##
####.#..##### ##g##.#
#.###### #
#.#..#...####@#<#.#
#....... #
#.#..#.#....g###..#
#.###### #
#.#..#.######.#.#######.#
# #......# ##..........#
#
###..###########........#
# #..............########
# ##.#############
#######.# #.......#


You could see a gnoll sergeant and a gnoll.

Vanquished Creatures
  Eustachio (D:4)
  A hound (D:4)
  An orc priest (D:4)
  Jessica (D:2)
  An iguana (D:4)
  2 orc wizards
  3 worker ants
  2 gnolls (D:4)
  9 adders
  An ooze (D:1)
  3 worms
  A dart slug (D:1)
  6 leopard geckos
  10 orcs
  10 bats
  5 giant cockroaches
  8 hobgoblins
  8 jackals (D:4)
  3 quokkas
  A ball python skeleton (D:4)
  9 frilled lizards
  10 goblins
  14 kobolds
  7 rats
  A plant (D:3)
118 creatures vanquished.

Notes
Turn   | Place    | Note
-------+----------+-------------------------------------------
     0 | D:1      | Arum the Draconian Fighter began the quest for the Orb.
     0 | D:1      | Reached XP level 1. HP: 19/19 MP: 1/1
    80 | D:1      | Reached XP level 2. HP: 24/26 MP: 2/2
   624 | D:1      | Reached XP level 3. HP: 33/33 MP: 3/3
   986 | D:2      | Noticed Jessica
  1008 | D:2      | Killed Jessica
  1008 | D:2      | Reached skill level 4 in Fighting
  1008 | D:2      | Reached XP level 4. HP: 24/40 MP: 4/4
  2296 | D:3      | Reached XP level 5. HP: 46/46 MP: 5/5
  2819 | D:3      | Found a runed gate.
  2819 | D:3      | Found a runed gate.
  2824 | D:3      | Found a runed gate.
  2825 | D:3      | Noticed Barriton's ghost (amateur DrIE)
  3847 | D:4      | Reached XP level 6. HP: 47/53 MP: 6/6
  3972 | D:4      | Noticed Eustachio
  4039 | D:4      | Killed Eustachio
  4039 | D:4      | Reached skill level 5 in Fighting
  4796 | D:4      | Your scales start taking on a glossy black colour.
  4796 | D:4      | Reached XP level 7. HP: 58/61 MP: 7/7
  4796 | D:4      | Gained mutation: You are resistant to electric shocks.
                  | (rElec) [Black Draconian growth]
  4880 | D:4      | Found a shimmering altar of Xom.
  5130 | D:5      | Entered Level 5 of the Dungeon
  5436 | D:4      | Slain by a gnoll sergeant

Vault maps used:
D:1:      erik_arrival_cave_to_civilisation
D:2:      first_ration, uniq_jessica
D:3:      serial_forest, infiniplex_forest_clump_curved,
          infiniplex_forest_lined_1, infiniplex_forest_clump_small,
          infiniplex_forest_clump_large, infiniplex_forest_clump_tiny,
          infiniplex_forest_clump_double, gammafunk_ghost_necromancy
D:4:      lemuel_coloured_pillars_altar, minmay_goblin_kobold_house,
          uniq_eustachio
D:5:      nicolae_overflow_crystal_walls, uniq_grinder

Skill      XL: |  1  2  3  4  5  6 |
---------------+-------------------+-----
Dodging        | 3 4 |  4.5
Fighting       | 4 5 |  5.3
Long Blades    | 3 4 |  4.2
Shields        | 4 |  4.8

Action                   |  1- 3 |  4- 6 |  7- 9 || total
-------------------------+-------+-------+-------++-------
Melee: Long sword        |    83 |   313 |    57 ||   453
       Tailslap          |     7 |    53 |    11 ||    71
Throw: Tomahawk          |       |     2 |       ||     2
  Use: Potion            |       |     1 |     1 ||     2
 Stab: Sleeping          |     1 |       |       ||     1
  Eat: Chunk             |       |    13 |     1 ||    14
Armor: Skin              |    34 |    98 |    16 ||   148
Dodge: Dodged            |    35 |   189 |    33 ||   257
Block: Shield            |    37 |   175 |    43 ||   255
       Rpst.: Long sword |    10 |    56 |     9 ||    75

Table legend:
 A = Non-vault XP
 B = Vault XP
 C = Vault XP percentage of total XP
 D = Non-vault monster count
 E = Vault monster count
 F = Vault count percentage of total count
                 A         B        C        D         E       F
            +---------+---------+-------+---------+---------+-------
      Total |     623 |     238 |  27.6 |     111 |       6 |   5.1
            +---------+---------+-------+---------+---------+-------
        D:1 |      52 |       0 |   0.0 |      26 |       0 |   0.0
        D:2 |     106 |      37 |  25.9 |      27 |       1 |   3.6
        D:3 |     177 |       0 |   0.0 |      35 |       0 |   0.0
        D:4 |     255 |     201 |  44.1 |      22 |       5 |  18.5
        D:5 |      33 |       0 |   0.0 |       1 |       0 |   0.0
            +---------+---------+-------+---------+---------+-------
